 Dungeon Crawl Stone Soup version 0.21-a0-434-g806c6c2 (webtiles) character file.

85 Kikal the Ruffian (level 4, 0/35 HPs)
             Began as a Mummy Monk on Nov 8, 2017.
             Slain by Crazy Yiuf
             ... wielding a +2 quarterstaff of chaos
              (10 damage)
             ... on level 2 of the Dungeon.
             The game lasted 00:08:06 (2364 turns).

Kikal the Ruffian (Mummy Monk)                      Turns: 2364, Time: 00:08:08

Health: 0/35       AC:  3    Str: 15    XL:     4   Next: 25%
Magic:  4/4        EV: 12    Int:  9    God:
Gold:   48         SH:  0    Dex: 14    Spells: 1/3 levels left

rFire    x . .     SeeInvis .     - Unarmed
rCold    + . .     Gourm    .   (no shield)
rNeg     + + +     Faith    .   d - +0 leather armour
rPois    ∞         Spirit   .   (no helmet)
rElec    .         Reflect  .   (no cloak)
rCorr    .         Harm     .   (no gloves)
MR       .....                  (no boots)
Stlth    ++........             (no amulet)
HPRegen  0.11/turn              (no ring)
MPRegen  0.09/turn              (no ring)

@: no status effects
A: no food or potions, fire vulnerability, cold resistance 1, negative energy
resistance 3, torment resistance, unbreathing
a: no special abilities


You were on level 2 of the Dungeon.
You were not hungry.

You visited 1 branch of the dungeon, and saw 2 of its levels.

You collected 48 gold pieces.

Inventory:

Missiles
 b - 68 stones (quivered)
 f - 13 poisoned needles
Armour
 c - a +0 buckler
 d - a +0 leather armour (worn)
 h - a +0 shield
Scrolls
 a - a scroll of enchant armour {unknown}
 e - 3 scrolls of identify {unknown}
 g - 2 scrolls of fog {unknown}


   Skills:
 - Level 3.0 Fighting
 - Level 2.4 Dodging
 - Level 1.5 Stealth
 + Level 4.2 Unarmed Combat


You had one spell level left.
You knew the following spells:

 Your Spells              Type           Power        Failure   Level  Hunger
a - Blink                 Tloc           N/A          58%         2    N/A

Dungeon Overview and Level Annotations

Branches:
Dungeon (2/15)

Altars:
Cheibriados
Sif Muna
The Shining One

Annotations:
D:2 Crazy Yiuf


Innate Abilities, Weirdness & Mutations

You do not eat or drink.
Your flesh is vulnerable to fire.
You are immune to poison.
Your flesh is cold resistant. (rC+)
You are immune to negative energy. (rN+++)
You are immune to unholy pain and torment.
You can survive without breathing.


Message History

You take 2 damage, and have 10/35 hp.
You punch the worm!
You kill the worm!
You start resting.
HP restored.
Health restored: 35
Found a runed door.
You open the door.
Crazy Yiuf the Enlightened comes into view.
He is wielding a quarterstaff of chaos.
Found a runed mace.
Crazy Yiuf shouts!
There is an open door here.
Crazy Yiuf hits you with a quarterstaff of chaos!
You are electrocuted!
* * * LOW HITPOINT WARNING * * *
You take 25 damage, and have 10/35 hp.
MASSIVE DAMAGE!!
You hit Crazy Yiuf.
Crazy Yiuf is lightly wounded.
Crazy Yiuf hits you with a quarterstaff of chaos!
You die...

##.........# ♣..P.♣ ######†#
...#.#.....# ♣..P♣♣ #.......
##..⌠......# ♣♣.♣♣ ###.#..###
#.........# ♣.♣♣ #†....##
#########.# ♣♣.♣ ###.#.### #
##.# ♣.♣♣ #.....# # # #..# ♣♣.♣
####### # ### #.## ##'## ######
..#######..# #.@.# #.....
#..........# #.g.# ###.####
..######..## #..)# #...###.
.....# #.## ##### #.####..
.###.# #.# #####.......
####.###.# #######......####.
#......# #####...#.......######
#......###.....#.....#..###....
#..............######.......#..


You could see Crazy Yiuf.

Vanquished Creatures
  4 adders (D:2)
  A worm (D:2)
  A dart slug (D:2)
  2 leopard geckos (D:1)
  3 bats
  2 giant cockroaches
  4 goblins
  5 hobgoblins
  5 jackals (D:1)
  A quokka (D:2)
  3 frilled lizards
  4 kobolds
  9 rats
44 creatures vanquished.

Notes
Turn   | Place    | Note
-------+----------+-------------------------------------------
     0 | D:1      | Kikal the Mummy Monk began the quest for the Orb.
     0 | D:1      | Reached XP level 1. HP: 18/18 MP: 1/1
   103 | D:1      | Reached skill level 3 in Unarmed Combat
   103 | D:1      | Reached XP level 2. HP: 8/24 MP: 2/2
   969 | D:2      | Found a snail-covered altar of Cheibriados.
  1078 | D:2      | Reached XP level 3. HP: 26/29 MP: 3/3
  1582 | D:2      | Learned a level 2 spell: Blink
  1682 | D:2      | Reached skill level 4 in Unarmed Combat
  1682 | D:2      | Reached XP level 4. HP: 23/35 MP: 4/4
  1806 | D:2      | Found a deep blue altar of Sif Muna.
  1806 | D:2      | Found a glowing golden altar of the Shining One.
  2357 | D:2      | Found a runed door.
  2361 | D:2      | Noticed Crazy Yiuf
  2364 | D:2      | Slain by Crazy Yiuf

Vault maps used:
D:1:      nzn_arrival_water_spiral
D:2:      cheibriados_altar_1, gammafunk_temple_overflow_statue,
          hangedman_feature_mirror, minivault_26, uniq_crazy_yiuf_cottage

Skill      XL: |  1  2  3 |
---------------+----------+-----
Unarmed Combat | 3 4 |  4.2
Fighting       | |  3.0
Dodging        | |  2.4
Stealth        | |  1.5

Action                   |  1- 3 |  4- 6 || total
-------------------------+-------+-------++-------
Melee: Unarmed           |   149 |    38 ||   187
       Punch             |     6 |       ||     6
Throw: Stone             |     4 |       ||     4
 Stab: Distracted        |     1 |       ||     1
       Sleeping          |     1 |     1 ||     2
Armor: Robe              |     7 |       ||     7
       Leather armour    |    15 |     4 ||    19
Dodge: Dodged            |    86 |    16 ||   102

Table legend:
 A = Spawn XP
 B = Non-spawn XP
 C = Spawn XP percentage of total XP
 D = Spawn monster count
 E = Non-spawn monster count
 F = Spawn count percentage of total count
 G = Total turns spent on level
                    A         B        C        D         E        F      G
               +---------+---------+-------+---------+---------+-------+---------
         Total |       0 |     122 |   0.0 |       0 |      44 |   0.0 |  2364
               +---------+---------+-------+---------+---------+-------+---------
           D:1 |       0 |      35 |   0.0 |       0 |      21 |   0.0 |   992
           D:2 |       0 |      87 |   0.0 |       0 |      23 |   0.0 |  1372
               +---------+---------+-------+---------+---------+-------+---------
